Map: Blackburn LE

Players

Astrea

  • Race: Protoss Protoss
  • League: Master

Lambo - Winner!

  • Race: Zerg Zerg

Event: DreamHack SC2 Masters Last Chance 2022

VOD

Have the link to the VOD?

Description

Time

  • Played on: Dec. 19, 2021, 8:30 p.m.
  • Length: 12:14

All games in this series

Show
View Real Time Build Order
Export as new Build Order

Astrea Protoss 

Build Orders: 1 Gate Expand, Oracle Opening 

Get SALT Encoding   

  12  0:00  Probe  
  13  0:12  Probe  
  14  0:17  Pylon  
  14  0:24  Probe (Chrono Boost)  
  15  0:36  Probe (Chrono Boost)  
  15  0:37  Gateway  
  16  0:44  Probe (Chrono Boost)  
  16  0:46  Assimilator  
  17  0:51  Probe  
  18  1:03  Probe  
  19  1:15  Probe  
  20  1:23  Nexus  
  20  1:27  Probe  
  21  1:37  Cybernetics Core  
  21  1:41  Assimilator  
  21  1:44  Probe  
  22  1:51  Pylon  
  22  1:56  Probe  
  23  2:09  Probe  
  23  2:10  Adept (Chrono Boost)  
  26  2:20  Stargate  
  26  2:21  Probe  
  27  2:31  Warp Gate  
  27  2:33  Adept  
  27  2:35  Probe x2 (Chrono Boost)  
  31  2:47  Probe (Chrono Boost)  
  31  2:50  Shield Battery  
  33  2:51  Probe (Chrono Boost)  
  33  2:53  Probe (Chrono Boost)  
  33  2:58  Probe  
  35  3:02  Probe  
  35  3:05  Oracle (Chrono Boost)  
  38  3:10  Probe  
  42  3:14  Probe  
  42  3:15  Pylon  
  43  3:22  Probe  
  43  3:26  Probe  
  45  3:29  Void Ray (Chrono Boost)  
  43  3:34  Probe  
  43  3:40  Nexus  
  48  3:43  Probe  
  48  3:47  Probe  
  50  3:51  Pylon  
  50  3:55  Probe  
  51  3:59  Probe  
  52  4:03  Assimilator  
  52  4:05  Pylon  
  52  4:07  Probe  
  52  4:08  Assimilator  
  53  4:12  Probe  
  53  4:13  Stargate  
  54  4:19  Probe  
  54  4:24  Probe  
  56  4:29  Protoss Air Weapons Level 1 (Chrono Boost)  
  56  4:31  Probe  
  56  4:32  Void Ray, Forge  
  56  4:35  Pylon  
  56  4:36  Probe  
  58  4:44  Probe  
  63  4:48  Probe  
  63  4:51  Void Ray  
  64  4:55  Probe  
  64  4:56  Assimilator, Probe  
  64  4:58  Assimilator  
  70  5:00  Probe  
  71  5:07  Probe  
  71  5:08  Probe  
  71  5:09  Void Ray (Chrono Boost)  
  71  5:12  Probe  
  74  5:19  Probe  
  79  5:22  Probe  
  79  5:26  Pylon  
  80  5:30  Probe  
  80  5:32  Pylon  
  80  5:35  Void Ray (Chrono Boost), Pylon  
  85  5:38  Photon Cannon  
  85  5:39  Probe  
  85  5:40  Pylon  
  86  5:44  Void Ray (Chrono Boost)  
  86  5:46  Probe x2  
  86  5:48  Photon Cannon  
  92  5:52  Probe  
  92  5:53  Fleet Beacon  
  93  5:58  Probe x2  
  93  6:04  Probe  
  96  6:10  Probe x2  
  102  6:11  Void Ray (Chrono Boost)  
  102  6:13  Void Ray (Chrono Boost)  
  102  6:16  Stargate  
  102  6:18  Nexus  
  102  6:20  Probe  
  102  6:22  Probe x2  
  109  6:30  Pylon  
  109  6:32  Probe  
  110  6:33  Pylon  
  110  6:36  Flux Vanes  
  110  6:37  Probe x2  
  112  6:44  Gateway, Probe  
  113  6:47  Gateway  
  113  6:49  Gateway, Probe  
  113  6:51  Gateway  
  113  6:53  Gateway, Probe  
  121  7:02  Carrier (Chrono Boost)  
  127  7:10  Carrier (Chrono Boost)  
  127  7:12  Probe x3  
  127  7:14  Protoss Air Weapons Level 2 (Chrono Boost)  
  129  7:26  Probe  
  129  7:28  Probe  
  137  7:32  Photon Cannon  
  137  7:33  Photon Cannon  
  137  7:34  Assimilator x2, Protoss Ground Weapons Level 1 (Chrono Boost)  
  137  7:35  Shield Battery  
  137  7:40  Robotics Facility  
  137  7:41  Twilight Council, Probe x2  
  139  7:47  Gateway  
  139  7:49  Gateway  
  139  7:50  Pylon  
  139  8:10  Void Ray (Chrono Boost)  
  151  8:18  Void Ray x2 (Chrono Boost), Nexus  
  141  8:21  Charge (Chrono Boost)  
  141  8:31  Warp Prism (Chrono Boost)  
  141  8:34  Templar Archives  
  142  8:38  Gateway  
  142  8:40  Void Ray  
  142  8:41  Gateway  
  143  8:44  Gateway  
  143  8:46  Gateway  
  143  8:48  Void Ray (Chrono Boost)  
  147  8:50  Void Ray (Chrono Boost)  
  155  8:57  Gateway  
  155  9:02  Pylon  
  155  9:14  Observer  
  152  9:17  Pylon x2  
  152  9:18  Pylon  
  152  9:19  Pylon  
  152  9:20  High Templar x4  
  152  9:21  Zealot x3  
  152  9:22  Void Ray (Chrono Boost)  
  170  9:24  Void Ray (Chrono Boost)  
  170  9:25  Archon x2  
  174  9:35  Pylon  
  174  9:36  Void Ray (Chrono Boost)  
  174  9:37  Assimilator  
  178  9:39  Assimilator  
  178  9:52  Void Ray  
  178  9:59  Zealot x5  
  189  10:00  Zealot x5  
  189  10:04  Void Ray  
  189  10:06  Probe x2  
  179  10:09  Void Ray  
  111  10:29  Warp Prism, Void Ray  
  111  10:33  Psionic Storm  
  115  10:38  Photon Cannon  
  115  10:40  Photon Cannon  
  115  10:41  Photon Cannon, Void Ray  
  115  10:43  Photon Cannon  
  115  10:44  High Templar  
  115  10:45  Shield Battery  
  115  10:46  Void Ray  
  115  10:47  Stalker x3  
  127  10:53  Zealot x3  
  116  11:00  Zealot x3  
  103  11:10  Zealot x2  
  99  11:12  Zealot x3  
  99  11:13  Zealot x3  
  111  11:20  High Templar  
  111  11:21  High Templar x2  
  111  11:22  Zealot  
  108  11:38  Zealot  
  108  11:39  Stalker x6  
  94  11:47  Archon  
  94  11:49  Zealot x2  
  97  11:54  Zealot x2  
  97  11:59  Zealot  
Show
View Real Time Build Order
Export as new Build Order

Lambo Zerg - Winner!

Build Orders: Hatch First 

Get SALT Encoding   

  12  0:01  Drone  
  13  0:12  Overlord  
  13  0:17  Drone  
  14  0:30  Drone x2  
  16  0:48  Hatchery  
  15  0:51  Drone  
  15  0:54  Drone  
  17  0:58  Drone  
  18  1:08  Extractor  
  17  1:12  Spawning Pool  
  17  1:16  Drone  
  17  1:20  Drone  
  18  1:29  Drone  
  19  1:39  Drone  
  20  1:55  Drone  
  20  2:00  Queen x2  
  20  2:01  Zergling x2, Overlord  
  26  2:11  Drone x2  
  26  2:13  Metabolic Boost  
  28  2:23  Zergling x2  
  28  2:24  Drone  
  30  2:35  Hatchery  
  29  2:41  Drone  
  29  2:43  Drone  
  31  2:44  Drone  
  31  2:46  Overlord  
  32  2:53  Queen  
  32  2:56  Drone  
  35  2:59  Drone  
  36  3:10  Queen, Overlord  
  36  3:12  Drone  
  39  3:13  Drone  
  39  3:15  Drone  
  39  3:18  Drone  
  39  3:19  Drone  
  43  3:22  Drone  
  44  3:29  Queen  
  44  3:31  Drone  
  44  3:34  Spore Crawler  
  46  3:35  Zergling x2  
  46  3:41  Drone x3  
  49  3:43  Drone  
  49  3:45  Drone  
  49  3:47  Overlord  
  52  3:51  Drone  
  53  3:57  Overlord  
  53  3:58  Drone x2  
  53  4:01  Overlord  
  55  4:03  Overlord  
  55  4:04  Drone  
  55  4:08  Drone  
  55  4:09  Drone  
  58  4:16  Drone, Overlord  
  59  4:17  Queen  
  59  4:19  Drone  
  59  4:22  Drone x3  
  59  4:23  Zergling x2  
  66  4:29  Roach Warren  
  65  4:32  Extractor  
  65  4:33  Drone x3  
  65  4:34  Extractor  
  66  4:40  Drone  
  66  4:43  Drone x4  
  66  4:45  Lair  
  70  4:48  Drone x4  
  74  4:53  Drone x2, Extractor  
  74  4:57  Drone  
  74  4:58  Queen  
  74  4:59  Drone  
  79  5:00  Evolution Chamber  
  79  5:03  Drone, Spore Crawler  
  79  5:04  Drone  
  79  5:06  Drone  
  80  5:07  Drone x2  
  81  5:15  Queen  
  81  5:17  Drone x2  
  85  5:21  Zergling x8  
  85  5:26  Drone  
  90  5:29  Extractor x2  
  90  5:31  Hatchery  
  90  5:33  Zerg Missile Weapons Level 1, Queen  
  89  5:36  Drone  
  89  5:39  Overlord  
  89  5:42  Overlord  
  90  5:44  Overlord  
  90  5:46  Overlord  
  90  5:49  Overlord  
  90  5:51  Overlord  
  90  5:56  Glial Reconstitution  
  90  5:57  Infestation Pit, Queen  
  90  5:58  Drone  
  90  5:59  Drone  
  93  6:06  Spore Crawler  
  93  6:07  Drone x7  
  93  6:10  Drone x2  
  101  6:16  Drone x2, Overseer  
  103  6:18  Drone  
  103  6:19  Drone x3  
  109  6:27  Queen  
  109  6:28  Drone x2  
  109  6:31  Drone  
  109  6:32  Spire  
  111  6:33  Drone x3  
  111  6:36  Extractor  
  111  6:37  Extractor  
  112  6:41  Hive  
  112  6:44  Drone x3  
  112  6:45  Queen  
  117  6:52  Queen  
  111  7:01  Roach x2  
  111  7:02  Queen  
  111  7:04  Overlord  
  117  7:09  Pathogen Glands  
  117  7:10  Overlord  
  117  7:11  Overlord  
  117  7:14  Overlord  
  117  7:15  Overlord  
  117  7:17  Overlord  
  117  7:20  Queen  
  119  7:25  Hatchery  
  119  7:28  Queen  
  117  7:31  Roach x10  
  134  7:38  Infestor x4, Queen  
  134  7:40  Zerg Missile Weapons Level 2  
  144  7:47  Roach x3  
  144  7:50  Spore Crawler  
  144  7:51  Infestor, Spore Crawler  
  148  7:53  Infestor x2  
  148  7:55  Drone  
  148  7:56  Drone x2  
  157  7:58  Spine Crawler  
  157  8:00  Greater Spire  
  157  8:01  Viper, Spine Crawler  
  157  8:07  Zergling x12  
  163  8:17  Drone x3  
  166  8:28  Neural Parasite  
  166  8:30  Spore Crawler  
  166  8:31  Spore Crawler  
  166  8:33  Drone x4  
  166  8:34  Drone x4  
  168  8:38  Corruptor x4  
  179  8:44  Spine Crawler, Spore Crawler  
  179  8:45  Corruptor x3  
  183  8:55  Overlord  
  183  8:56  Overlord  
  183  9:09  Corruptor x3  
  181  9:26  Zerg Flyer Weapons Level 1  
  181  9:27  Drone x8, Spore Crawler  
  181  9:28  Spore Crawler, Extractor x2  
  181  9:29  Spore Crawler  
  181  9:30  Spore Crawler x2  
  182  9:31  Spore Crawler  
  182  9:33  Spore Crawler  
  182  9:35  Overseer  
  182  9:37  Drone x2  
  182  9:39  Burrow, Spore Crawler x2  
  182  9:40  Spore Crawler x2  
  182  9:41  Spore Crawler x2  
  176  9:45  Pneumatized Carapace  
  176  9:46  Overseer  
  176  9:49  Corruptor x2  
  176  9:50  Corruptor x2  
  174  10:08  Zergling x26, Roach x6  
  183  10:26  Zergling x14  
  190  10:46  Hatchery, Evolution Chamber  
  188  10:50  Zergling x2  
  188  10:51  Zergling x20  
  191  10:58  Zergling x8  
  191  11:03  Corruptor x3  
  193  11:05  Ravager  
  193  11:06  Ravager  
  193  11:14  Ravager  
  193  11:15  Corruptor x3  
  193  11:18  Spine Crawler  
  199  11:19  Spine Crawler  
  199  11:25  Zergling x12  
  199  11:30  Roach x3  
  183  11:49  Roach x8  
  188  11:55  Roach x2  

Tags
 
Add a new tag
Caveats
  • Supply blocks, unpowered buildings, or Contaminate may cause inaccurate times.
  • Supply counts are checked every 10 seconds.